 Dungeon Sprint DCSS version 0.27.1 (webtiles) character file.

Game seed: 5313464222109967611

1061 styxcanada the Unseen (level 8, -6/42 HPs)
             Began as a Spriggan Brigand on Aug 30, 2021.
             Was an Initiate of Gozag.
             Mangled by a killer bee (10 damage)
             ... in the Dungeon (Sprint IV: "Fedhas' Mad Dash").
             The game lasted 00:06:05 (911 turns).

styxcanada the Unseen (Spriggan Brigand)             Turns: 911, Time: 00:06:07

Health: -6/42      AC:  3    Str:  7    XL:     8   Next: 6%
Magic:  12/15      EV: 22    Int: 12    God:    Gozag
Gold:   389        SH:  0    Dex: 19    Spells: 13/15 levels left

rFire    . . .     SeeInvis +   a - +2 dagger
rCold    . . .     Faith    .   (shield restricted)
rNeg     . . .     Spirit   .   b - +0 robe
rPois    .         Reflect  .   (helmet restricted)
rElec    .         Harm     .   c - +0 cloak
rCorr    .         Rampage  .   (gloves unavailable)
Will     +....     NoTele   +   (boots unavailable)
Stlth    +++.......             e - amulet of invisibility {+Inv}
HPRegen  0.14/turn              (no ring)
MPRegen  0.14/turn              (no ring)

@: lethally poisoned (-6 -> -25), contaminated, glowing, invisible (but backlit
and visible), very quick
A: very small, no large weapons, unfitting armour, see invisible, speed 3
a: Renounce Religion, Evoke Invisibility, Potion Petition, Call Merchant, Bribe
Branch


You were in the Dungeon.
You worshipped Gozag.
Gozag was aware of your devotion.
You visited 1 branch You collected 701 gold pieces.
You spent 312 gold pieces at shops.

Inventory:

Hand Weapons
 a - a +2 dagger (weapon)
Missiles
 d - 7 poisoned darts (quivered)
 l - 40 stones
Armour
 b - a +0 robe (worn)
 c - a +0 cloak (worn)
Jewellery
 e - the amulet of invisibility (around neck) {+Inv}
   (You found it in the Dungeon)

   [amulet of nothing]

   +Inv:      It lets you turn invisible.
Scrolls
 k - a scroll of blinking
Potions
 g - a potion of heal wounds
 h - a potion of haste
 i - 2 potions of magic


   Skills:
 * Level 4.8 Fighting
 + Level 4.6 Short Blades
 + Level 5.4 Throwing
 * Level 7.3 Dodging
 * Level 17.5 Stealth
 * Level 4.4 Spellcasting
 * Level 3.2 Air Magic
 * Level 3.4 Poison Magic
 * Level 7.0 Evocations


You had 13 spell levels left.
You knew the following spells:

 Your Spells              Type           Power      Damage    Failure   Level
a - Poisonous Vapours     Pois/Air       20%        N/A       9%          2

Your spell library contained the following spells:

 Spells                   Type           Power      Damage    Failure   Level
 Corpse Rot               Necr/Air       N/A        N/A       17%         2
 Freezing Cloud           Conj/Ice/Air   2%         6-21      98%         5


Dungeon Overview and Level Annotations

Branches:
Dungeon (1/1)

Altars:
Cheibriados
Dithmenos
Elyvilon
Gozag
Hepliaklqana
Kikubaaqudgha
Makhleb
Nemelex Xobeh
Okawaru
Qazlal
Ru
Sif Muna
Trog
Uskayaw
Vehumet
Wu Jian
Xom
Yredelemnul
Zin
The Shining One
Beogh
Jiyva
Lugonu

Shops:
D [:**


Innate Abilities, Weirdness & Mutations

You are very small and have problems with some larger weapons.
You are too small for most types of armour.
You have supernaturally acute eyesight. (SInv)
You cover ground extremely quickly. (Speed+++)


Message History

The killer bee stings you.
You closely miss the killer bee.
The killer bee is lightly wounded.
You feel sick.
The killer bee completely misses you. x2
The killer bee stings you!
* * * LOW HITPOINT WARNING * * *
Unknown command.
You feel much better.
You feel very sick. The killer bee stings you!
You are more poisoned.
The killer bee poisons you! The killer bee misses you.
The killer bee barely misses you.
The queen bee calls on the killer bee to defend it!
The killer bee goes berserk!
The killer bee closely misses you. The killer bee misses you.
You hit the killer bee.
The killer bee is moderately wounded.
You feel very sick. The killer bee barely misses you.
The killer bee stings you.
You are more poisoned.
The killer bee poisons you! The killer bee misses you.
The queen bee stings you but does no damage.
The killer bee closely misses you. The killer bee stings you.
You hit the killer bee but do no damage.
The killer bee is moderately wounded.
* * * LOW HITPOINT WARNING * * *
You feel very sick.
The killer bee completely misses you. x3; The queen bee barely misses you.
The killer bee closely misses you.
Unknown command.
You hit the killer bee.
The killer bee is moderately wounded.
* * * LOW HITPOINT WARNING * * *
You feel very sick. The killer bee stings you.
* * * LOW HITPOINT WARNING * * *
The killer bee misses you. The killer bee stings you!
You die...
Your body crumbles into a pile of gold.

#####################
#<...#.....#.....#.⌠.
#P...'.(†..'.#)).'.._
#PPPP#.....#.#...#...
###############'##.._
#..y♣........'...#._.
#..y@..♣.....#$$$####
#..y..♣..♣..######
##+####+#####


$$$$ $ You could see a queen bee and 2 killer bees.

Vanquished Creatures
  2 wandering mushrooms (D)
  A burning bush (D)
  3 scorpions (D)
  2 killer bees (D)
  4 oklob saplings (D)
  2 spriggans (D)
  A river rat (D)
  A rat (D)
16 creatures vanquished.

Vanquished Creatures (others)
  2 fungi (D)
2 creatures vanquished.

Grand Total: 18 creatures vanquished

Notes
Turn   | Place    | Note
-------+----------+-------------------------------------------
     0 | D        | styxcanada the Spriggan Brigand began the quest for the
                  | Orb.
     0 | D        | Reached XP level 1. HP: 10/10 MP: 2/2
    18 | D        | Reached skill level 6 in Stealth
    19 | D        | Reached skill level 8 in Stealth
    19 | D        | Reached XP level 2. HP: 15/15 MP: 3/3
    46 | D        | Noticed an oklob sapling
    48 | D        | Killed an oklob sapling
    49 | D        | Reached skill level 9 in Stealth
    49 | D        | Reached XP level 3. HP: 18/18 MP: 4/4
    50 | D        | Noticed a scorpion
    50 | D        | Found the amulet of invisibility {+Inv}
    63 | D        | Killed a scorpion
    64 | D        | Reached skill level 12 in Stealth
    64 | D        | Reached XP level 4. HP: 23/23 MP: 5/5
    93 | D        | Found an opulent altar of Gozag.
    93 | D        | Found a hazy altar of Hepliaklqana.
    93 | D        | Found a burning altar of Makhleb.
    93 | D        | Found a sparkling altar of Nemelex Xobeh.
    93 | D        | Found a snail-covered altar of Cheibriados.
    93 | D        | Found a sacrificial altar of Ru.
    93 | D        | Found a shimmering blue altar of Sif Muna.
    93 | D        | Found a shimmering altar of Xom.
    93 | D        | Found a basalt altar of Yredelemnul.
    94 | D        | Found a viscous altar of Jiyva.
    94 | D        | Found a bloodstained altar of Trog.
    94 | D        | Found an ornate altar of the Wu Jian Council.
    95 | D        | Found an iron altar of Okawaru.
    95 | D        | Found a shadowy altar of Dithmenos.
    95 | D        | Found a glowing silver altar of Zin.
    96 | D        | Found an ancient bone altar of Kikubaaqudgha.
    96 | D        | Found a hide-covered altar of Uskayaw.
    97 | D        | Found a stormy altar of Qazlal.
    97 | D        | Found a white marble altar of Elyvilon.
    97 | D        | Found a glowing golden altar of the Shining One.
    98 | D        | Became a worshipper of Gozag Ym Sagoz the Greedy
    99 | D        | Found a corrupted altar of Lugonu.
    99 | D        | Found a radiant altar of Vehumet.
   103 | D        | Reached skill level 13 in Stealth
   103 | D        | Reached skill level 1 in Evocations
   103 | D        | Reached XP level 5. HP: 28/28 MP: 3/6
   115 | D        | Reached skill level 5 in Dodging
   181 | D        | Reached skill level 14 in Stealth
   472 | D        | Reached skill level 15 in Stealth
   472 | D        | Reached XP level 6. HP: 33/33 MP: 5/7
   490 | D        | Found Kigileukibb's Book Shop.
   490 | D        | Found Tuossops's Armour Emporium.
   497 | D        | Bought a book of Vapours for 312 gold pieces
   500 | D        | Learned a level 2 spell: Poisonous Vapours
   507 | D        | Noticed a burning bush
   507 | D        | Noticed a wandering mushroom
   508 | D        | Noticed a wandering mushroom
   511 | D        | Killed a wandering mushroom
   512 | D        | Reached skill level 16 in Stealth
   512 | D        | Reached skill level 1 in Air Magic
   512 | D        | Reached skill level 5 in Evocations
   512 | D        | Reached XP level 7. HP: 27/37 MP: 5/12
   617 | D        | Killed a burning bush
   618 | D        | Reached skill level 5 in Throwing
   618 | D        | Killed a wandering mushroom
   619 | D        | Reached skill level 17 in Stealth
   621 | D        | HP: 1/38 [poisoned by a scorpion]
   844 | D        | Found Firad's General Store.
   844 | D        | Found Ubby's General Store.
   894 | D        | Noticed a queen bee
   902 | D        | Reached XP level 8. HP: 34/42 MP: 13/15
   911 | D        | Mangled by a killer bee

Illustrated notes

Levels and vault maps discovered:
D:        dungeon_sprint_fedhas [sprint_temple]

Skill      XL: |  1  2  3  4  5  6  7  8 |
---------------+-------------------------+-----
Stealth        | 8 9 12 13 15 16 17 | 17.5
Dodging        | 2 4 5 6 7 |  7.3
Fighting       | 2 3 4 |  4.8
Throwing       | 3 4 5 |  5.4
Short Blades   | 3 4 |  4.6
Evocations     | 1 3 5 6 7 |  7.0
Spellcasting   | 2 4 |  4.4
Air Magic      | 1 3 |  3.2
Poison Magic   | 2 3 |  3.4

Action                   |  1- 3 |  4- 6 |  7- 9 || total
-------------------------+-------+-------+-------++-------
Melee: Dagger            |     7 |     6 |    33 ||    46
Throw: Dart              |    12 |     4 |       ||    16
 Abil: Evoke Invisibilit |       |     4 |     3 ||     7
  Use: Potion            |       |       |     3 ||     3
 Stab: Sleeping          |     1 |     5 |     1 ||     7
       Invisible         |       |       |     4 ||     4
Armor: Robe              |       |     1 |     1 ||     2
Dodge: Dodged            |     6 |       |    49 ||    55
